AoeStats
← Kiritastrich

Nomad

503151670Analyzed
1v1 RM · 1mo ago on Aug 30, 2026· 25m 1s· 2 players
Game mode
Random Map
Map size
126×126
Population
200
Speed
Normal
Resources
Standard
Victory
Conquest
Starting age
Dark Age
Ending age
Imperial Age
RankedLock teamsTeams togetherTeam positionsShared explorationLock speedFull tech treeHidden civsTurbo modeCheats
Victory
Defeat
🇷🇺 Wu · Russia
1879
+14
🇦🇷 Tatars · Argentina
1827
-14
Ronin Charles
3:52 Loom
14:34 Feudal Age
16:28 Town Watch
19:06 Castle Age
17:51 Gold Mining
18:26 Double-Bit Axe
18:42 Fletching
19:49 Bodkin Arrow
21:14 Bow Saw
24:05 Padded Archer Armor
Kiritastrich
15:39 Feudal Age
16:22 Double-Bit Axe
16:19 Fishing Lines
19:13 Castle Age
17:21 Scale Barding Armor
17:49 Forging
17:56 Bloodlines
19:23 Light Cavalry
20:27 Bow Saw
21:09 Husbandry
21:29 Gold Mining
23:55 Iron Casting
24:34 Chain Barding Armor
Connection lost

Rejoining the realm…

Still unreachable

The connection could not be restored.

Session expired

The server has moved on; the page needs a fresh start.